 Dungeon Crawl Stone Soup version 0.29.1-2-gbd0b4ee654 (webtiles) character file.

Game seed: 11858234927881749738

133 warriortoast the Digger (level 5, -3/30 HPs)
             Began as a Gargoyle Earth Elementalist on Nov 28, 2022.
             Killed by divine providence
             ... invoked by an orc priest
              (16 damage)
             ... on level 3 of the Dungeon.
             The game lasted 00:04:53 (2665 turns).

warriortoast the Digger (GrEE)                      Turns: 2665, Time: 00:04:54

Health: -3/30      AC:  6    Str: 14    XL:     5   Next: 16%
Magic:  1/8        EV: 12    Int: 15    God:
Gold:   162        SH:  0    Dex: 10    Spells: 3/9 levels left

rFire   . . .      SeeInvis .   q - +0 war axe
rCold   . . .      Faith    .   (no shield)
rNeg    + . .      Spirit   .   a - +0 robe
rPois   ∞          Reflect  .   (no helmet)
rElec   +          Harm     .   (no cloak)
rCorr   .          Rampage  .   (no gloves)
Will    +....                   (no boots)
Stlth   ++........              (no amulet)
HPRegen 0.10/turn               h - ring of willpower
MPRegen 0.11/turn               l - ring of wizardry

@: no status effects
A: sickness immunity, AC +4, negative energy resistance 1, electricity
resistance, torment resistance 1, petrification resistance
a: no special abilities


You were on level 3 of the Dungeon.
You visited 1 branch of the dungeon, and saw 3 of its levels.

You collected 162 gold pieces.

Inventory:

Hand Weapons
 q - a +0 war axe (weapon)
Armour
 a - a +0 robe (worn)
 t - a +0 tower shield
Jewellery
 h - a ring of willpower (left hand)
 l - a ring of wizardry (right hand)
Scrolls
 e - a scroll of identify {unknown}
 i - a scroll of torment {unknown}
 j - a scroll of summoning {unknown}
 k - a scroll of poison {unknown}
 n - 2 scrolls of teleportation
 o - a scroll of fear {unknown}
 p - a scroll of acquirement {unknown}
 s - a scroll of magic mapping {unknown}
Potions
 b - 2 potions of magic
 c - a potion of attraction {unknown}
 d - 2 potions of lignification {unknown}
 f - a potion of resistance {unknown}
 g - 2 potions of curing {unknown}
 m - 2 potions of heal wounds {unknown}
 r - a potion of brilliance {unknown}


   Skills:
 + Level 1.9 Fighting
 + Level 2.2 Dodging
 + Level 3.1 Stealth
 + Level 2.5 Spellcasting
 + Level 1.6 Transmutations
 + Level 4.3 Earth Magic


You had 3 spell levels left.
You knew the following spells:

 Your Spells              Type           Power      Damage    Failure   Level
a - Sandblast             Erth           30%        2d9       1%          1
b - Passwall              Tmut/Erth      8%         N/A       4%          2
c - Stone Arrow           Conj/Erth      16%        3d8       11%         3

Your spell library contained the following spells:

 Spells                   Type           Power      Damage    Failure   Level
 Petrify                  Tmut/Erth      10%        N/A       24%         4


Dungeon Overview and Level Annotations

Branches:
Dungeon (3/15)

Altars:

Annotations:
D:2 1 runed translucent door, Crazy Yiuf


Innate Abilities, Weirdness & Mutations

You are immune to sickness and miasma.
Your stone body is resilient. (AC +4)
You are immune to poison.
You resist negative energy. (rN+)
You are resistant to electric shocks. (rElec)
You are resistant to unholy torment.
You are immune to petrification.


Message History

The blast of sand hits the endoplasm.
The endoplasm is moderately wounded.
The endoplasm hits you but does no damage.
The blast of sand hits the endoplasm.
You kill the endoplasm!
You now have 162 gold pieces (gained 7).
An orc is nearby!
The orc shouts!
You hear a shout!
The blast of sand hits the orc!
You kill the orc!
The blast of sand hits the orc.
The orc is moderately wounded.
The blast of sand hits the orc.
The orc is severely wounded.
The orc hits you with a +0 short sword.
The blast of sand hits the orc but does no damage.
The orc is severely wounded.
The orc closely misses you. The orc priest closely misses you.
The orc hits you with a +0 short sword.
The blast of sand hits the orc but does no damage.
The orc is severely wounded.
The orc barely misses you.
The orc priest hits you from afar with a +0 trident.
The blast of sand misses the orc.
The orc hits you with a +0 short sword. The orc priest closely misses you.
The orc priest hits you from afar with a +0 trident.
The orc barely misses you.
The blast of sand hits the orc.
You kill the orc!
The orc priest mumbles some strange prayers to Beogh against you.
Pain shoots through your body!
You are too injured to fight recklessly!
Aiming: Sandblast (safe; 1% risk of failure)
Press: ? - help, Q - select action, (/) - cycle Shift-Dir - straight line, f - orc priest
Aim: an orc priest, wielding a +0 trident and wearing a +0 scale mail (84% to hit)
The blast of sand misses the orc priest.
The orc priest mumbles some strange prayers to Beogh against you.
Beogh smites you!
Ouch! That really hurt!
You die...

.>........#....... #..#
#...........### #oo#
#.#########.# #o.#
......... #.# #..#
#.#####.# #.# #..#
..<...#.# #.# ####.#..#
..#.#.#.# #.# #....)).#
....#.#.# #.###.##o...#
..###.#.# #.....@)....#
......#.#######.##.....#
..###.#..........#..#.##
........######.#.#..#.#
.............#.#.####.###
....###.####.#.#.##.....#
........# #.#.#.##.#.#.#
........# #.#.#.##.#.#.#
#.#####.# #.#.#.##.#.#.#


You could see an orc priest.

Vanquished Creatures
  An orc wizard (D:3)
  4 adders
  A worm (D:2)
  2 dart slugs (D:2)
  2 orcs (D:3)
  A bat (D:1)
  12 endoplasms
  2 giant cockroaches
  6 goblins
  7 hobgoblins
  3 quokkas
  4 ball pythons
  2 frilled lizards
  3 kobolds
  7 rats
57 creatures vanquished.

Notes
Turn   | Place    | Note
-------+----------+-------------------------------------------
     0 | D:1      | warriortoast the Gargoyle Earth Elementalist began the
                  | quest for the Orb.
     0 | D:1      | Reached XP level 1. HP: 10/10 MP: 3/3
   258 | D:1      | Reached skill level 1 in Transmutations
   263 | D:1      | Reached XP level 2. HP: 16/16 MP: 0/5
   682 | D:1      | Found a faded altar of an unknown god.
   743 | D:1      | Reached skill level 1 in Fighting
   743 | D:1      | Reached XP level 3. HP: 20/20 MP: 3/6
  1116 | D:2      | Reached skill level 4 in Earth Magic
  1119 | D:2      | Learned a level 2 spell: Passwall
  1123 | D:2      | Learned a level 3 spell: Stone Arrow
  1257 | D:2      | Reached XP level 4. HP: 25/25 MP: 4/7
  1581 | D:2      | Found a runed translucent door.
  1582 | D:2      | Noticed Crazy Yiuf
  2354 | D:3      | Reached XP level 5. HP: 30/30 MP: 2/8
  2665 | D:3      | Killed from afar by an orc priest

Illustrated notes

Levels and vault maps discovered:
D:1:      reono_arrival_forest_river, layout_basic,
          chequers_ecumenical_altar_twisty, glass_columns_c, minmay_box_of_dots
D:2:      layout_rooms, uniq_crazy_yiuf_cottage
D:3:      layout_basic

Skill      XL: |  1  2  3  4 |
---------------+-------------+-----
Transmutations | 1 |  1.6
Fighting       | 1 |  1.9
Earth Magic    | 4 |  4.3
Dodging        | 2 |  2.2
Stealth        | 3 |  3.1
Spellcasting   | |  2.5

Action                   |  1- 3 |  4- 6 || total
-------------------------+-------+-------++-------
Melee: Unarmed           |     5 |       ||     5
       Punch             |     1 |       ||     1
       War axe           |       |     1 ||     1
 Cast: Sandblast         |    51 |    42 ||    93
  Use: Scroll            |       |     1 ||     1
Armor: Robe              |     4 |     5 ||     9
Dodge: Dodged            |    16 |    15 ||    31
